 Dungeon Crawl Stone Soup version 0.22-a0-587-g7d32d7c (webtiles) character file.

23 sking99 the Skirmisher (level 2, 0/27 HPs)
             Began as a Minotaur Fighter on July 4, 2018.
             Slain by a kobold
             ... wielding a +2 whip of electrocution
              (14 damage)
             ... on level 2 of the Dungeon.
             The game lasted 00:00:46 (735 turns).

sking99 the Skirmisher (Minotaur Fighter)            Turns: 735, Time: 00:00:46

Health: 0/27       AC:  9    Str: 20    XL:     2   Next: 72%
Magic:  1/1        EV:  5    Int:  5    God:
Gold:   21         SH:  9    Dex:  9    Spells: 1/1 levels left

rFire    . . .     SeeInvis .   a - +0 war axe
rCold    . . .     Gourm    .   c - +0 shield
rNeg     . . .     Faith    .   i - +0 chain mail
rPois    .         Spirit   .   (helmet restricted)
rElec    .         Reflect  .   (no cloak)
rCorr    .         Harm     .   (no gloves)
MR       .....                  (no boots)
Stlth    ..........             (no amulet)
HPRegen  0.09/turn              (no ring)
MPRegen  0.07/turn              (no ring)

@: no status effects
A: retaliatory headbutt, horns 2
a: no special abilities


You were on level 2 of the Dungeon.
You were not hungry.

You visited 1 branch of the dungeon, and saw 2 of its levels.

You collected 21 gold pieces.

Inventory:

Hand Weapons
 a - a +0 war axe (weapon)
Armour
 c - a +0 shield (worn)
 i - a +0 chain mail (worn)
Scrolls
 b - a scroll of amnesia {unknown}
 e - a scroll of random uselessness {unknown}
 g - 2 scrolls of fog {unknown}
 h - a scroll of identify {unknown}
Potions
 d - a potion of might
 j - 3 potions of mutation {unknown}
 k - a potion of curing {unknown}
Comestibles
 f - 3 rations


   Skills:
 + Level 4.1 Fighting
 * Level 3.6 Axes
 - Level 3.6 Armour
 - Level 3.6 Shields


You had one spell level left.
You didn't know any spells.
Your spell library was empty.

Dungeon Overview and Level Annotations

Branches:
Dungeon (2/15)

Altars:


Innate Abilities, Weirdness & Mutations

You reflexively headbutt those who attack you in melee.
You have a pair of horns on your head.


Message History

The hobgoblin hits you but does no damage.
The adder bites you but does no damage.
You slash the adder!
You kill the adder!
Your Fighting skill increases to level 4!
Your shield and chain mail prevent you from hitting the hobgoblin.
The hobgoblin hits you but does no damage.
You block the hobgoblin's attack.
You slash the hobgoblin!
You kill the hobgoblin!
The bat hits you but does no damage. x2
You barely miss the bat. The bat hits you but does no damage.
You closely miss the kobold. The kobold hits you but does no damage.
You are electrocuted!
The kobold hits you but does no damage.
You closely miss the kobold. Your headbutt misses the kobold.
You block the kobold's attack.
You closely miss the kobold. The kobold hits you but does no damage.
You are electrocuted!
Ouch! That really hurt!
You die...

#.. #####... .# #..
..#.#.# ..# #.#
##..##.##.#.##. #.#
#..............
#.###.#.##.##......
#.#.......†#Kb..#
#.#.#.###..@#
##<#.#.#######
#.......# #.#####.#
#.# #...#### #.#
#......# #.#
#...##.#
#.#####.##.# #
#.......##.####.###.


You could see a bat and a kobold.

Vanquished Creatures
  An adder (D:2)
  2 bats (D:1)
  A goblin (D:1)
  3 hobgoblins
  4 kobolds (D:1)
  A frilled lizard (D:1)
  2 rats (D:1)
14 creatures vanquished.

Notes
Turn   | Place    | Note
-------+----------+-------------------------------------------
     0 | D:1      | sking99 the Minotaur Fighter began the quest for the Orb.
     0 | D:1      | Reached XP level 1. HP: 19/19 MP: 0/0
   395 | D:1      | Reached XP level 2. HP: 24/27 MP: 1/1
   730 | D:2      | Reached skill level 4 in Fighting
   735 | D:2      | Slain by a kobold

Vault maps used:
D:1:      dpeg_arrival_circle_labyrinth_a
D:2:      first_ration

Skill      XL: |  1  2 |
---------------+-------+-----
Axes           | 3 |  3.6
Fighting       | 4 |  4.1
Armour         | |  3.6
Shields        | |  3.6

Action                   || total
-------------------------++-------
Melee: War axe           ||    37
       Headbutt          ||    10
Armor: Chain mail        ||    32
       Scale mail        ||     1
Dodge: Dodged            ||     4
Block: Shield            ||    22

Table legend:
 A = Spawn XP
 B = Non-spawn XP
 C = Spawn XP percentage of total XP
 D = Spawn monster count
 E = Non-spawn monster count
 F = Spawn count percentage of total count
 G = Total turns spent on level
                    A         B        C        D         E        F      G
               +---------+---------+-------+---------+---------+-------+---------
         Total |       0 |      33 |   0.0 |       0 |      14 |   0.0 |   735
               +---------+---------+-------+---------+---------+-------+---------
           D:1 |       0 |      16 |   0.0 |       0 |      11 |   0.0 |   682
           D:2 |       0 |      17 |   0.0 |       0 |       3 |   0.0 |    53
               +---------+---------+-------+---------+---------+-------+---------
